 Dungeon Crawl Stone Soup version 0.23-a0-241-g3b46b07 (webtiles) character file.

602 namelastname112 the Magician (level 7, 0/59 HPs)
             Began as a Purple Draconian Wanderer on Sept 26, 2018.
             Killed by divine providence
             ... invoked by an orc priest
              (16 damage)
             ... on level 4 of the Dungeon.
             The game lasted 00:07:06 (3089 turns).

namelastname112 the Magician (DrWn)                 Turns: 3089, Time: 00:07:07

Health: 0/59       AC:  9    Str: 14    XL:     7   Next: 18%
Magic:  6/14       EV: 13    Int: 14    God:
Gold:   111        SH:  0    Dex: 11    Spells: 12/16 levels left

rFire    . . .     SeeInvis +   b - +0 dagger
rCold    . . .     Gourm    .   (no shield)
rNeg     . . .     Faith    .   (armour unavailable)
rPois    .         Spirit   .   (helmet restricted)
rElec    .         Reflect  .   (no cloak)
rCorr    .         Harm     .   g - +0 pair of gloves
MR       +....                  (no boots)
Stlth    +.........             (no amulet)
HPRegen  0.19/turn              i - ring of see invisible
MPRegen  0.14/turn              n - +2 ring of protection

@: no status effects
A: breathe power, unfitting armour, cold-blooded, AC +6
a: Breathe Dispelling Energy


You were on level 4 of the Dungeon.
You were hungry.

You visited 1 branch of the dungeon, and saw 4 of its levels.

You collected 111 gold pieces.

Inventory:

Hand Weapons
 b - a +0 dagger (weapon)
Missiles
 a - 11 stones (quivered)
Armour
 g - a +0 pair of gloves (worn)
Jewellery
 i - a ring of see invisible (left hand)
 n - a +2 ring of protection (right hand)
 q - an uncursed ring of resist corrosion
Scrolls
 f - 7 scrolls of identify {unknown}
 h - a scroll of noise {unknown}
 j - 6 scrolls of teleportation {unknown}
 k - a scroll of immolation {unknown}
 l - 5 scrolls of magic mapping {unknown}
 m - a scroll of fog {unknown}
 r - a scroll of enchant armour {unknown}
 s - a scroll of fear {unknown}
 t - 3 scrolls of remove curse {unknown}
 u - a scroll of enchant weapon {unknown}
 v - a scroll of random uselessness {unknown}
Potions
 c - a potion of heal wounds
 e - 2 potions of degeneration
 o - a potion of agility {unknown}
 p - a potion of magic {unknown}
 w - a potion of haste {unknown}
Comestibles
 d - 5 rations


   Skills:
 + Level 4.3 Fighting
 - Level 1.0 Throwing
 + Level 3.5 Dodging
   Level 1.0 Shields
 * Level 5.1 Spellcasting
 * Level 2.2 Conjurations
   Level 1.0 Summonings
   Level 2.0 Necromancy
 * Level 3.1 Earth Magic


You had 12 spell levels left.
You knew the following spells:

 Your Spells              Type           Power        Failure   Level  Hunger
c - Stone Arrow           Conj/Erth      ##....       17%         3    ###....
z - Sandblast             Erth           ##....       4%          1    None

Your spell library contained the following spells:

 Spells                   Type           Power        Failure   Level  Hunger
 Animate Skeleton         Necr           N/A          8%          1    None
 Passwall                 Tmut/Erth      #.......     14%         2    ##.....
 Vampiric Draining        Necr           #.........   22%         3    ###....
 Petrify                  Tmut/Erth      #.......     65%         4    ####...
 Lee's Rapid Deconstruct  Erth           ##........   78%         5    ######.


Dungeon Overview and Level Annotations

Branches:
Dungeon (4/15)
 Temple: D:4-7

Altars:
Ashenzari
Elyvilon
Hepliaklqana
Trog
Uskayaw


Innate Abilities, Weirdness & Mutations

You can breathe bolts of dispelling energy.
Your rich purple scales are hard. (AC +6)
You cannot fit into any form of body armour.
You are cold-blooded and may be slowed by cold attacks.


Message History

The orc priest invokes the aid of Beogh against you.
Beogh smites you!
You take 10 damage, and have 28/59 hp.
Press: ? - help, Shift-Dir - straight line, f - orc priest
Aim: an orc priest, wielding a hand axe and wearing a leather armour You fail to use your ability.
The orc priest calls down the wrath of Beogh upon you.
Beogh smites you!
* * * LOW HITPOINT WARNING * * *
Your magical contamination has completely faded away.
You take 13 damage, and have 15/59 hp.
MASSIVE DAMAGE!!
The orc priest mumbles some strange prayers to Beogh against you.
Pain shoots through your body!
* * * LOW HITPOINT WARNING * * *
You take 6 damage, and have 9/59 hp.
An orc comes into view. It is wielding a dagger.
There is an open door here.
The orc priest invokes the aid of Beogh against you.
Beogh smites you!
You die...

#.###################
#.........oo.....#...
########.##############.#.##
#.........g# #o#.# #.######.#.#
###'#.## #.# ####.#.# #......#
#.# #...o#.# #......#
#.###...o#.##########......#
##.......o#.@.....oo.........
#####...#.#.#.################...
#....>.......(...)...............
#.###.###........%)..............
#..<..##.........)..............#
#.....##........##o##'#..####)).#
#.....##.######## g# # P#..'...#
#.....##.# .# #..#...# #......#.#
'# #..#...#


You could see an orc priest, an orc and a goblin.

Vanquished Creatures
  Sigmund (D:2)
  A phantom (D:3)
  A howler monkey (D:4)
  A centaur zombie (D:3)
  A hound (D:3)
  2 worker ants (D:4)
  An orc wizard (D:4)
  4 gnolls
  7 adders
  An ooze (D:1)
  A worm (D:4)
  A dart slug (D:1)
  2 leopard geckos
  2 ball pythons
  6 giant cockroaches
  14 goblins
  5 hobgoblins
  5 jackals
  6 bats
  4 frilled lizards
  A jackal skeleton (D:4)
  7 kobolds
  18 rats
92 creatures vanquished.

Notes
Turn   | Place    | Note
-------+----------+-------------------------------------------
     0 | D:1      | namelastname112 the Draconian Wanderer began the quest for
                  | the Orb.
     0 | D:1      | namelastname112 set off with: a +0 club, a ration
     0 | D:1      | Reached XP level 1. HP: 14/14 MP: 3/3
   155 | D:1      | Reached XP level 2. HP: 15/22 MP: 5/5
   272 | D:1      | Reached skill level 1 in Fighting
   290 | D:1      | Learned a level 1 spell: Sandblast
   332 | D:1      | Reached skill level 1 in Dodging
   773 | D:1      | Reached XP level 3. HP: 17/28 MP: 3/6
  1428 | D:2      | Found a white marble altar of Elyvilon.
  1481 | D:2      | Noticed Sigmund
  1508 | D:2      | Killed Sigmund
  1508 | D:2      | Reached skill level 3 in Spellcasting
  1508 | D:2      | Reached XP level 4. HP: 26/38 MP: 0/9
  1508 | D:2      | Reached XP level 5. HP: 31/45 MP: 0/10
  1765 | D:2      | Learned a level 3 spell: Stone Arrow
  1779 | D:2      | Found a shattered altar of Ashenzari.
  1949 | D:3      | Found a hazy altar of Hepliaklqana.
  1985 | D:3      | Reached XP level 6. HP: 37/51 MP: 1/11
  2097 | D:3      | Found a bloodstained altar of Trog.
  2218 | D:3      | Reached skill level 1 in Conjurations
  2258 | D:3      | Reached skill level 4 in Spellcasting
  2370 | D:3      | Found a hide-covered altar of Uskayaw.
  2635 | D:4      | Your scales start taking on a rich purple colour.
  2635 | D:4      | Reached skill level 5 in Spellcasting
  2635 | D:4      | Reached XP level 7. HP: 26/59 MP: 0/14
  3089 | D:4      | Killed from afar by an orc priest

Vault maps used:
D:1:      erik_arrival_orb_chamber
D:2:      nicolae_overflow_crystal_walls, lemuel_coloured_pillars_altar,
          uniq_sigmund
D:3:      old_standard_altar, lemuel_round_altar, bloody_trog
D:4:      corexii_shantytown, nicolae_qazlal_style_of_elements, first_ration,
          uniq_blork_the_orc

Skill      XL: |  1  2  3  4  5  6 |
---------------+-------------------+-----
Fighting       | 1 3 4 |  4.3
Dodging        | 1 2 3 |  3.5
Spellcasting   | 3 5 |  5.1
Conjurations   | 2 |  2.2
Throwing       | |  1.0
Shields        | |  1.0
Summonings     | |  1.0
Necromancy     | |  2.0
Earth Magic    | |  3.1

Action                   |  1- 3 |  4- 6 |  7- 9 || total
-------------------------+-------+-------+-------++-------
Melee: Club              |    43 |       |       ||    43
       Tailslap          |    11 |     4 |     1 ||    16
       Dagger            |    72 |    72 |    16 ||   160
 Cast: Sandblast         |    33 |    74 |    23 ||   130
  Use: Potion            |     3 |       |       ||     3
 Stab: Sleeping          |     1 |     1 |       ||     2
  Eat: Chunk             |     2 |     4 |     1 ||     7
Armor: Skin              |    58 |    49 |    11 ||   118
Dodge: Dodged            |    86 |    72 |    19 ||   177

Table legend:
 A = Non-vault XP
 B = Vault XP
 C = Vault XP percentage of total XP
 D = Non-vault monster count
 E = Vault monster count
 F = Vault count percentage of total count
                 A         B        C        D         E       F
            +---------+---------+-------+---------+---------+-------
      Total |     604 |     256 |  29.8 |      73 |      19 |  20.7
            +---------+---------+-------+---------+---------+-------
        D:1 |      45 |      12 |  21.1 |      21 |      12 |  36.4
        D:2 |      43 |     220 |  83.7 |      12 |       1 |   7.7
        D:3 |     317 |       0 |   0.0 |      28 |       0 |   0.0
        D:4 |     199 |      24 |  10.8 |      12 |       6 |  33.3
            +---------+---------+-------+---------+---------+-------
